 Dungeon Sprint DCSS version 0.21-a0-286-g6fcecc0 (webtiles) character file.

7126 potatolord6000 the Impaler (level 11, -18/98 HPs)
             Began as a Merfolk Skald on Sept 26, 2017.
             Was a High Priest of Sif Muna.
             Demolished by a two-headed ogre
             ... wielding a +0 giant club
              (22 damage)
             ... in the Dungeon (Sprint VII: "The Pits").
             The game lasted 00:10:36 (2119 turns).

potatolord6000 the Impaler (Merfolk Skald)          Turns: 2119, Time: 00:10:37

Health: -18/98     AC:  4    Str: 16    XL:     11   Next: 10%
Magic:  18/26      EV: 24    Int: 14    God:    Sif Muna [*****.]
Gold:   0          SH:  0    Dex: 14    Spells: 21/32 levels left

rFire    . . .     SeeInvis .   v - +2 halberd (venom)
rCold    . . .     Gourm    .   (shield currently unavailable)
rNeg     . . .     Faith    .   b - +0 leather armour
rPois    .         Spirit   .   g - +0 helmet
rElec    .         Reflect  .   (no cloak)
rCorr    .         Harm     .   (no gloves)
MR       .....     NoTele   +   (no boots)
Stlth    +.........             (no amulet)
HPRegen  1.26/turn              q - +3 ring of evasion
MPRegen  0.20/turn              r - +3 ring of strength

@: very slightly contaminated, regenerating, slowed, divine energy, very slow
A: change form in water, swift swim, stealthy swim
a: Stop Divine Energy, Channel Magic, Forget Spell, Renounce Religion


You were in the Dungeon.
You worshipped Sif Muna.
Sif Muna was extremely pleased with you.
You were full.

You visited 1 branch

Inventory:

Hand Weapons
 v - a +2 halberd of venom (weapon)
Armour
 b - a +0 leather armour (worn)
 g - a +0 helmet (worn)
Jewellery
 q - a +3 ring of evasion (left hand)
 r - a +3 ring of strength (right hand)
Scrolls
 l - 3 scrolls of remove curse
 m - 5 scrolls of amnesia
 n - a scroll of summoning
Potions
 a - a potion of invisibility
 e - 8 potions of curing
 h - 4 potions of magic
 i - 4 potions of berserk rage
 s - a potion of haste
 t - a potion of agility
 u - a potion of resistance
Books
 c - a book of Battle

   Spells                             Type                      Level
   a - Infusion                       Charms                       1
   b - Shroud of Golubria             Charms/Translocation         2
   c - Song of Slaying                Charms                       2
   d - Spectral Weapon                Hexes/Charms                 3
   e - Regeneration                   Charms/Necromancy            3
 k - a book of Party Tricks

   Spells                             Type                      Level
   a - Summon Butterflies             Summoning                    1
   b - Apportation                    Translocation                1
   c - Lesser Beckoning               Translocation                3
   d - Tukima's Dance                 Hexes                        3
   e - Alistair's Intoxication        Transmutation/Poison         5
   f - Invisibility                   Hexes                        6
 w - Xoaff's Tome of Glacial Creation
   (Sif Muna gifted it to you in the Dungeon)

   Spells                             Type                      Level
   a - Call Canine Familiar           Summoning                    3
   b - Throw Icicle                   Conjuration/Ice              4
   c - Summon Lightning Spire         Summoning/Air                4
   d - Summon Greater Demon           Summoning                    7
Comestibles
 d - 8 bread rations
 o - 40 fruits
 p - 5 meat rations


   Skills:
 + Level 13.0 Fighting
 + Level 16.1 Polearms
 - Level 0.6 Armour
 + Level 15.1 Dodging
 + Level 11.0 Spellcasting
 + Level 13.0 Charms


You had 21 spell levels left.
You knew the following spells:

 Your Spells              Type           Power        Failure   Level  Hunger
a - Infusion              Chrm           ####         1%          1    None
b - Song of Slaying       Chrm           #####...     1%          2    None
c - Spectral Weapon       Hex/Chrm       ####....     2%          3    None
d - Regeneration          Chrm/Necr      ####......   2%          3    None
e - Shroud of Golubria    Chrm/Tloc      ####......   1%          2    None


Dungeon Overview and Level Annotations

Branches:
Dungeon (1/1)

Altars:
Ashenzari
Cheibriados
Dithmenos
Elyvilon
Fedhas
Gozag
Hepliaklqana
Kikubaaqudgha
Makhleb
Nemelex Xobeh
Okawaru
Qazlal
Ru
Sif Muna
Trog
Uskayaw
Vehumet
Wu Jian
Xom
Yredelemnul
Zin
The Shining One
Beogh
Jiyva
Lugonu


Message History

The two-headed ogre barely misses you.
Unknown command.
Casting: Infusion
Confirm with . or Enter, or press ? or * to list all spells.
Okay, then.
Okay, then.
Blink to where?
Press: ? - help, Dir - move target cursor You are very lightly contaminated with residual magic.
As you read the scroll of blinking, it crumbles to dust.
Casting: Infusion
Confirm with . or Enter, or press ? or * to list all spells.
Your skin crawls.
You hit the two-headed ogre.
The two-headed ogre looks as sick as possible!
The two-headed ogre is almost dead.
The two-headed ogre hits you with a giant club!
* * * LOW HITPOINT WARNING * * *
The two-headed ogre hits you with a dire flail!!
You die...

...............#
.....#..#......#
...............+
...............+
.....#..#......#
...............#
##'#####)†######
......##''##############
......##......#.@OOF)O.#
......##....###)..###T..#
..<...##...##.'†..'.##.....
......##..##..##†##..##...#
......##..#..##.(.##..' ..#
......##..#..#....†#..#. .#
########..'..+.....[..+ +
########..#..#(...(#..#
.#..[.##..#..##..)##..+


You could see 3 two-headed ogres, a deep troll and a spiny frog.

Vanquished Creatures
  2 two-headed ogres (D)
  An ogre mage (D)
  2 death yaks (D)
  A lindwurm (D)
  A cyclops (D)
  A deep elf mage (D)
  A smoke demon (D)
  A freezing wraith (D)
  A demonic crawler (D)
  A jumping spider (D)
  A hippogriff (D)
  2 flying skulls (D)
  A warg (D)
  An acid dragon (D)
  A floating eye (D)
  A phantom (D)
  A black bear (D)
  An ogre (D)
  A wolf (D)
  A crocodile (D)
  A big kobold (D)
  5 killer bees (D)
  4 wights (D)
  Terence (D)
  Ijyb (D)
  A worker ant (D)
  A gnoll (D)
  A river rat (D)
  An adder (D)
  An adder zombie (D)
  A leopard gecko (D)
  A bat skeleton (D)
  A giant cockroach (D)
  2 goblins (D)
  A quokka (D)
  A bat (D)
  A frilled lizard (D)
  A giant cockroach zombie (D)
  A kobold (D)
  A rat (D)
51 creatures vanquished.

Vanquished Creatures (others)
  4 spectral weapons (D)
4 creatures vanquished.

Grand Total: 55 creatures vanquished

Notes
Turn   | Place    | Note
-------+----------+-------------------------------------------
     0 | D        | potatolord6000 the Merfolk Skald began the quest for the Orb.
     0 | D        | Reached XP level 1. HP: 16/16 MP: 3/3
    19 | D        | Found a bloodstained altar of Trog.
    19 | D        | Found a deep blue altar of Sif Muna.
    19 | D        | Found a viscous altar of Jiyva.
    19 | D        | Found a hazy altar of Hepliaklqana.
    19 | D        | Found an opulent altar of Gozag.
    46 | D        | Found a glowing golden altar of the Shining One.
    46 | D        | Found a glowing silver altar of Zin.
    46 | D        | Found a basalt altar of Yredelemnul.
    46 | D        | Found a shimmering altar of Xom.
    46 | D        | Found an ornate altar of the Wu Jian Council.
    46 | D        | Found a sacrificial altar of Ru.
    46 | D        | Found a stormy altar of Qazlal.
    46 | D        | Found an iron altar of Okawaru.
    46 | D        | Found a sparkling altar of Nemelex Xobeh.
    46 | D        | Found a burning altar of Makhleb.
    46 | D        | Found a blossoming altar of Fedhas.
    46 | D        | Found a white marble altar of Elyvilon.
    46 | D        | Found a shadowy altar of Dithmenos.
    46 | D        | Found a snail-covered altar of Cheibriados.
    49 | D        | Found a corrupted altar of Lugonu.
    49 | D        | Found a radiant altar of Vehumet.
    49 | D        | Found a roughly hewn altar of Beogh.
    51 | D        | Found a shattered altar of Ashenzari.
    51 | D        | Found an ancient bone altar of Kikubaaqudgha.
    51 | D        | Found a hide-covered altar of Uskayaw.
    53 | D        | Became a worshipper of Sif Muna the Loreminder
    67 | D        | Noticed a worker ant
    85 | D        | Reached skill level 4 in Polearms
    85 | D        | Reached XP level 2. HP: 11/24 MP: 0/5
    89 | D        | Reached XP level 3. HP: 14/30 MP: 0/7
   142 | D        | Learned a level 2 spell: Song of Slaying
   146 | D        | Learned a level 3 spell: Spectral Weapon
   258 | D        | Reached * piety under Sif Muna
   258 | D        | Reached skill level 5 in Polearms
   266 | D        | Noticed a big kobold
   277 | D        | Killed a big kobold
   277 | D        | Reached skill level 6 in Polearms
   277 | D        | Reached skill level 5 in Dodging
   277 | D        | Reached skill level 5 in Charms
   277 | D        | Reached XP level 4. HP: 22/38 MP: 0/10
   280 | D        | Reached ** piety under Sif Muna
   280 | D        | Reached skill level 5 in Fighting
   280 | D        | Reached XP level 5. HP: 17/44 MP: 0/11
   490 | D        | Learned a level 3 spell: Regeneration
   501 | D        | Noticed a wolf
   508 | D        | Killed a wolf
   508 | D        | Reached skill level 8 in Polearms
   511 | D        | Reached skill level 5 in Spellcasting
   520 | D        | Noticed Ijyb
   522 | D        | Noticed Terence
   533 | D        | Killed Terence
   533 | D        | Reached XP level 6. HP: 30/52 MP: 6/13
   534 | D        | Reached *** piety under Sif Muna
   537 | D        | Killed Ijyb
   670 | D        | Noticed a flying skull
   680 | D        | Killed a flying skull
   680 | D        | Reached skill level 9 in Polearms
   680 | D        | Reached XP level 7. HP: 28/60 MP: 13/16
   836 | D        | Noticed a warg
   836 | D        | Noticed a flying skull
   843 | D        | Killed a flying skull
   843 | D        | Reached **** piety under Sif Muna
   843 | D        | Reached skill level 10 in Polearms
   853 | D        | Killed a warg
   853 | D        | Reached skill level 11 in Polearms
   853 | D        | Reached skill level 10 in Dodging
   987 | D        | Noticed a death yak
   987 | D        | Noticed a jumping spider
  1006 | D        | Killed a death yak
  1006 | D        | Reached ***** piety under Sif Muna
  1006 | D        | Reached skill level 12 in Polearms
  1006 | D        | Reached XP level 8. HP: 27/71 MP: 4/20
  1023 | D        | Killed a jumping spider
  1023 | D        | Received a gift from Sif Muna
  1023 | D        | Reached skill level 10 in Charms
  1348 | D        | Learned a level 2 spell: Shroud of Golubria
  1359 | D        | Noticed a death yak
  1373 | D        | Killed a death yak
  1373 | D        | Reached skill level 10 in Fighting
  1373 | D        | Reached skill level 13 in Polearms
  1373 | D        | Reached XP level 9. HP: 53/79 MP: 9/21
  1385 | D        | Noticed a freezing wraith
  1387 | D        | Noticed a deep elf mage
  1391 | D        | Killed a freezing wraith
  1399 | D        | Killed a deep elf mage
  1614 | D        | Noticed a demonic crawler
  1618 | D        | Paralysed by a floating eye for 2 turns
  1623 | D        | Killed a demonic crawler
  1623 | D        | Reached skill level 14 in Polearms
  1904 | D        | Reached XP level 10. HP: 88/88 MP: 23/23
  1913 | D        | Noticed a lindwurm
  1919 | D        | Killed a lindwurm
  1926 | D        | Noticed a smoke demon
  1939 | D        | Killed a smoke demon
  1939 | D        | Identified Xoaff's Tome of Glacial Creation (Sif Muna gifted it to you in the Dungeon)
  1939 | D        | Received a gift from Sif Muna
  1939 | D        | Reached skill level 10 in Spellcasting
  1961 | D        | Noticed a cyclops
  1971 | D        | Killed a cyclops
  1971 | D        | Reached skill level 15 in Polearms
  2072 | D        | Noticed an ogre mage
  2072 | D        | Noticed a two-headed ogre
  2078 | D        | Killed a two-headed ogre
  2080 | D        | Noticed a two-headed ogre
  2081 | D        | Noticed a two-headed ogre
  2083 | D        | Noticed a two-headed ogre
  2085 | D        | Noticed a two-headed ogre
  2092 | D        | Noticed a spiny frog
  2093 | D        | Killed an ogre mage
  2099 | D        | Noticed a deep troll
  2100 | D        | Killed a two-headed ogre
  2100 | D        | Identified Hame's Reference Book on Unholy Arcane Weapons (Sif Muna gifted it to you in the Dungeon)
  2100 | D        | Received a gift from Sif Muna
  2100 | D        | Reached skill level 16 in Polearms
  2100 | D        | Reached skill level 15 in Dodging
  2100 | D        | Reached XP level 11. HP: 58/97 MP: 21/26
  2119 | D        | HP: 4/98 [two-headed ogre/giant club (17)]
  2119 | D        | Demolished by a two-headed ogre

Vault maps used:
D:        pitsprint

Skill      XL: |  1  2  3  4  5  6  7  8  9 10 11 |
---------------+----------------------------------+-----
Fighting       | 3 4 5 6 7 9 10 11 12 13 | 13.0
Polearms       | 4 6 8 9 12 13 14 16 | 16.1
Dodging        | 3 4 5 6 7 8 11 12 13 15 | 15.1
Spellcasting   | 3 4 5 6 8 9 11 | 11.0
Charms         | 4 5 6 7 9 10 11 12 13 | 13.0
Armour         | |  0.6

Action                   |  1- 3 |  4- 6 |  7- 9 | 10-12 || total
-------------------------+-------+-------+-------+-------++-------
Melee: Trident           |    26 |    33 |    36 |       ||    95
       Spear             |     1 |       |       |       ||     1
       Halberd           |       |       |    28 |    83 ||   111
 Cast: Infusion          |     3 |       |     3 |     1 ||     7
       Spectral Weapon   |     2 |     2 |     6 |     3 ||    13
       Song of Slaying   |       |     2 |     4 |     2 ||     8
       Shroud of Golubri |       |       |     3 |     2 ||     5
       Regeneration      |       |       |       |     3 ||     3
Invok: Divine Energy     |       |       |     1 |       ||     1
  Use: Potion            |     3 |       |     3 |     5 ||    11
       Scroll            |       |       |       |     1 ||     1
 Stab: Invisible         |     2 |       |       |       ||     2
  Eat: Meat ration       |       |       |     2 |       ||     2
Armor: Leather armour    |     9 |     4 |     9 |     5 ||    27
Dodge: Dodged            |    12 |    29 |    44 |    96 ||   181

Table legend:
 A = Spawn XP
 B = Non-spawn XP
 C = Spawn XP percentage of total XP
 D = Spawn monster count
 E = Non-spawn monster count
 F = Spawn count percentage of total count
 G = Total turns spent on level
                    A         B        C        D         E        F      G
               +---------+---------+-------+---------+---------+-------+---------
         Total |       0 |   10181 |   0.0 |       0 |      51 |   0.0 |  2119
               +---------+---------+-------+---------+---------+-------+---------
             D |       0 |   10181 |   0.0 |       0 |      51 |   0.0 |  2119
               +---------+---------+-------+---------+---------+-------+---------
